 Dungeon Crawl Stone Soup version 0.22.1-1-ga44c0e5 (webtiles) character file.

29 MalarOregon the Slasher (level 3, 17/31 HPs)
             Began as a Minotaur Berserker on Sept 23, 2018.
             Was a Follower of Trog.
             Got out of the dungeon alive.
             The game lasted 00:01:48 (413 turns).

MalarOregon the Slasher (Minotaur Berserker)         Turns: 413, Time: 00:01:49

Health: 17/31      AC:  2    Str: 21    XL:     3   Next: 1%
Magic:  2/2        EV:  9    Int:  5    God:    Trog [*.....]
Gold:   26         SH:  8    Dex:  9    Spells: 2/2 levels left

rFire    . . .     SeeInvis .   a - +0 falchion
rCold    . . .     Gourm    .   c - +0 shield
rNeg     . . .     Faith    .   b - +0 animal skin
rPois    .         Spirit   .   (helmet restricted)
rElec    .         Reflect  .   (no cloak)
rCorr    .         Harm     .   (no gloves)
MR       .....                  (no boots)
Stlth    +.........             (no amulet)
HPRegen  0.10/turn              (no ring)
MPRegen  0.08/turn              (no ring)

@: no status effects
A: retaliatory headbutt, horns 2
a: Berserk, Renounce Religion


You escaped.
You worshipped Trog.
Trog was aware of your devotion.
You were not hungry.

You visited 1 branch of the dungeon, and saw 1 of its levels.

You collected 26 gold pieces.

Inventory:

Hand Weapons
 a - a +0 falchion (weapon)
Armour
 b - a +0 animal skin (worn)
 c - a +0 shield (worn)
   (You found it on level 1 of the Dungeon)
Potions
 f - a potion of mutation {unknown}
Comestibles
 d - 10 chunks of flesh
 e - a ration {!d}


   Skills:
 - Level 3.6 Fighting
 * Level 4.7 Long Blades
 - Level 2.4 Armour
 - Level 2.1 Dodging
 + Level 1.6 Shields


You had 2 spell levels left.
You didn't know any spells.
Your spell library was empty.

Dungeon Overview and Level Annotations

Branches:
Dungeon (1/15)

Altars:


Innate Abilities, Weirdness & Mutations

You reflexively headbutt those who attack you in melee.
You have a pair of horns on your head.


Message History

You barely miss the hobgoblin. The hobgoblin hits you.
* * * LOW HITPOINT WARNING * * *
The frilled lizard bites you.
* * * LOW HITPOINT WARNING * * *
You hit the hobgoblin.
You kill the hobgoblin!
Trog accepts your kill.
The frilled lizard bites you but does no damage.
Unknown command.
You closely miss the frilled lizard. You block the frilled lizard's attack.
You hit the frilled lizard.
You kill the frilled lizard!
Trog accepts your kill.
Unknown command.
You see here a hobgoblin corpse.
You butcher the hobgoblin corpse.
d - 10 chunks of flesh (gained 1)
You see here a frilled lizard corpse.
You butcher the frilled lizard corpse.
d - 11 chunks of flesh (gained 1)
You start resting.
A bat comes into view.
You are too injured to fight recklessly!
The bat completely misses you.
You riposte.
You closely miss the bat. The bat hits you.
* * * LOW HITPOINT WARNING * * *
You closely miss the bat. The bat hits you but does no damage.
You block the bat's attack.
You closely miss the bat. The bat hits you.
* * * LOW HITPOINT WARNING * * *
You block the bat's attack.
You hit the bat. The bat hits you but does no damage.
You closely miss the bat. The bat hits you.
* * * LOW HITPOINT WARNING * * *
You miss the bat. You headbutt the bat.
You kill the bat!
Trog accepts your kill.
You have reached level 3!
Your experience leads to an increase in your attributes!
Increase (S)trength, (I)ntelligence, or (D)exterity?
You feel clever.
You see here a dagger.
Some of the chunks of flesh in your inventory have rotted away.
There is an open door here.
There is an open door here.
Things that are here:
a dagger x2
There is a staircase leading out of the dungeon here.
Are you sure you want to leave the Dungeon?
This will make you lose the game!
You have escaped!

.........≈≈§≈§§≈......§....
#.....≈≈≈≈≈≈≈≈§≈§≈§.§..§.....
#.....§≈≈≈≈≈..§§§≈§≈§≈≈.§....#
#.....§≈§≈≈.......≈≈§§§§§....#
#....§≈§≈............≈≈§§§...#
#.....§≈§.##########.≈≈§≈§...#
#....§≈≈..##########...§≈....#
#.....§...##......##..§.§....#
#....§§§§.##(@....##...§≈....#
#....§≈§§.##......##...≈≈....#
#.....§..########)####..≈....#
#....§≈..########.####..§§...#
#....?§≈.##.........##.≈§....#
#.....§.###.........##.§§§...#
#.....≈.##..........##..≈....#
#.....≈.##'###########..≈....#
#.....≈§...§............≈....#


There were no monsters in sight!

Vanquished Creatures
  3 oozes (D:1)
  2 bats (D:1)
  3 goblins (D:1)
  A hobgoblin (D:1)
  A ball python (D:1)
  A frilled lizard (D:1)
  3 kobolds (D:1)
  5 rats (D:1)
19 creatures vanquished.

Notes
Turn   | Place    | Note
-------+----------+-------------------------------------------
     0 | D:1      | MalarOregon the Minotaur Berserker began the quest for the
                  | Orb.
     0 | D:1      | Reached XP level 1. HP: 19/19 MP: 0/0
   190 | D:1      | Reached skill level 4 in Long Blades
   190 | D:1      | Reached skill level 1 in Shields
   203 | D:1      | Reached XP level 2. HP: 26/26 MP: 1/1
   349 | D:1      | Reached XP level 3. HP: 11/31 MP: 2/2
   413 | D:$      | Got out of the dungeon alive.

Skill      XL: |  1 |
---------------+----+-----
Long Blades    | 4 |  4.7
Shields        | 1 |  1.6
Fighting       | |  3.6
Armour         | |  2.4
Dodging        | |  2.1

Action                   || total
-------------------------++-------
Melee: Falchion          ||    47
       Headbutt          ||     7
Armor: Animal skin       ||     8
Dodge: Dodged            ||    12
Block: Shield            ||    23
       Rpst.: Falchion   ||     5
